[Event "Team 45 45 League T39"]
[Site "Internet Chess Club"]
[Date "2008.11.23"]
[Round "5"]
[White "nardz"]
[Black "therealwizard"]
[Result "0-1"]
[WhiteElo "2166"]
[BlackElo "2209"]
[Opening "QGD Slav: Dutch variation"]
[ECO "D18"]
[Time "10:58:16"]
[TimeControl "2700+45"]

1. d4 d5 2. c4 c6 3. Nf3 Nf6 4. Nc3 dxc4 5. a4 Bf5 6. e3 e6 7. Bxc4 Bb4 8. O-O
O-O 9. Nh4 Bg6 10. Nxg6 hxg6 11. Qb3 Qe7 12. f3 c5 13. Na2 Ba5 14. dxc5 Qxc5 15.
Qb5 Qc7 16. Bb3 Nc6 17. Qe2 Rfd8 18. Kh1 Rac8 19. Rd1 Qb6 20. Bc2 Nd5 21. Be4
Nce7 22. Bxd5 Rxd5 23. Rxd5 Nxd5 24. e4 Qb3 25. h4 Rc2 26. Qd1 Nf6 27. Qd4 Bb6
28. Qd1 Nxe4 29. Be3 Ng3+ 30. Kh2 Qxe3 31. Qxc2 Qf4 32. Kh3 Bd8 33. Kh2 Qxh4+
34. Kg1 Bb6+ {White resigns} 0-1

[Event "Team 45 45 League T39"]
[Site "Internet Chess Club"]
[Date "2008.11.24"]
[Round "5"]
[White "decox"]
[Black "trucazzo"]
[Result "0-1"]
[WhiteElo "1893"]
[BlackElo "2036"]
[Opening "Tennison (Lemberg, Zukertort) gambit"]
[ECO "B01"]
[Time "09:02:55"]
[TimeControl "2700+45"]

1. e4 d5 2. Nf3 dxe4 3. Ng5 Nf6 4. Bc4 e6 5. Nc3 Qd4 6. Qe2 Nbd7 7. O-O c6 8.
Ncxe4 Ne5 9. Bb3 a5 10. a4 b6 11. d3 h6 12. Be3 Qd8 13. Nxf6+ gxf6 14. Nf3 Ng4
15. Bf4 Bd6 16. Bg3 Rg8 17. Rae1 Kf8 18. Qe4 Qc7 19. Nd4 Nxh2 20. Kxh2 Bxg3+ 21.
fxg3 Qxg3+ 22. Kg1 Ra7 23. Rxf6 Rg4 24. Qf3 Qxe1+ 25. Qf1 Qxf1+ 26. Kxf1 Rxd4
27. Rxh6 Kg7 28. Rh5 f5 29. Kf2 b5 30. Rh3 bxa4 31. Bc4 Ba6 32. Bxe6 Rb7 33. Bc8
Rb6 34. Ke3 Rdb4 35. Bxf5 Rxb2 36. Rh7+ Kf6 37. g4 Rxc2 38. Rh6+ Kg7 39. Rh7+
Kg8 40. Rd7 a3 41. Rd4 Rb4 42. Rd6 Kf8 43. d4 Re2+ 44. Kf4 a2 45. Kg5 {White
resigns} 0-1

[Event "Team 45 45 League T39"]
[Site "Internet Chess Club"]
[Date "2008.11.22"]
[Round "5"]
[White "b-spot"]
[Black "QueensCounselor"]
[Result "0-1"]
[WhiteElo "1651"]
[BlackElo "1932"]
[Opening "Grünfeld: exchange variation"]
[ECO "D85"]
[Time "15:00:44"]
[TimeControl "2700+45"]

1. d4 Nf6 2. c4 g6 3. Nc3 d5 4. cxd5 Nxd5 5. e4 Nxc3 6. bxc3 Bg7 7. Rb1 O-O 8.
Nf3 c5 9. Be2 Nc6 10. d5 Ne5 11. Nxe5 Bxe5 12. Qd2 e6 13. f4 Bc7 14. O-O exd5
15. exd5 Ba5 16. f5 Bxf5 17. Rxb7 Qf6 18. g4 Bxc3 19. Bb2 Bxd2 20. Bxf6 Rfe8 21.
gxf5 Rxe2 22. fxg6 hxg6 23. d6 Ba5 24. d7 Bd8 25. Bxd8 Rxd8 26. Rxa7 Rd2 27. Rc1
R2xd7 28. Rxd7 Rxd7 29. a4 Ra7 30. h3 Rxa4 31. Rxc5 Kg7 32. Kg2 f5 33. Kg3 Kh6
34. Rc8 Kg5 35. Rc3 Ra1 36. Rc4 f4+ 37. Kg2 Ra3 38. Rc8 Rg3+ 39. Kh2 Kf5 40.
Rf8+ Ke4 41. Re8+ Kf3 42. Ra8 Rg2+ 43. Kh1 Kg3 44. Ra3+ f3 45. h4 Rh2+ 46. Kg1
Rxh4 47. Ra2 f2+ {White resigns} 0-1

[Event "Team 45 45 League T39"]
[Site "Internet Chess Club"]
[Date "2008.11.20"]
[Round "5"]
[White "Fegary"]
[Black "QueensCounselor"]
[Result "1-0"]
[WhiteElo "2153"]
[BlackElo "1926"]
[Opening "Petrov: classical attack"]
[ECO "C42"]
[Time "14:04:20"]
[TimeControl "2700+45"]

1. e4 e5 2. Nf3 Nf6 3. Nxe5 d6 4. Nf3 Nxe4 5. d4 d5 6. Nbd2 Nc6 7. Nxe4 dxe4 8.
Ne5 Nxe5 9. dxe5 Qxd1+ 10. Kxd1 Bc5 11. Bc4 Bg4+ 12. Ke1 O-O-O 13. Be3 Bxe3 14.
fxe3 Be6 15. Bxe6+ fxe6 16. Rf1 Rhf8 17. Ke2 Rf5 18. Rxf5 exf5 19. Rf1 g6 20. g4
Rf8 21. gxf5 gxf5 22. Rg1 Rf7 23. e6 Rf8 24. Rg7 Re8 25. Rxh7 Rxe6 26. h4 Rg6
27. Kf2 b6 28. h5 Rg5 29. a3 a5 30. b4 axb4 31. axb4 c5 32. bxc5 bxc5 33. h6 Rh5
34. Kg3 Kd8 35. Kf4 Ke8 36. Ke5 Kd8 37. Rh8+ Ke7 38. h7 Kf7 39. Rc8 Kg7 40.
h8=Q+ Rxh8 41. Rxh8 Kxh8 42. Kxf5 Kg7 43. Kxe4 Kf6 44. Kd5 {Black resigns} 1-0

[Event "Team 45 45 League T39"]
[Site "Internet Chess Club"]
[Date "2008.11.19"]
[Round "5"]
[White "LoseOften"]
[Black "qs16"]
[Result "1/2-1/2"]
[WhiteElo "1770"]
[BlackElo "1753"]
[Opening "Sicilian: Najdorf variation"]
[ECO "B98"]
[Time "14:00:57"]
[TimeControl "2700+45"]

1. e4 c5 2. Nf3 d6 3. d4 cxd4 4. Nxd4 Nf6 5. Nc3 a6 6. Bg5 e6 7. f4 Qc7 8. Qf3
Be7 9. O-O-O b5 10. e5 Bb7 11. Qh3 dxe5 12. Bxb5+ axb5 13. Ndxb5 Qc5 14. Bxf6
gxf6 15. fxe5 Qxe5 16. Rhe1 Qf4+ 17. Kb1 Na6 18. Rd4 Qf2 19. Re2 Qf1+ 20. Rd1
Qf4 21. Rd4 Qg5 22. Red2 Rd8 23. Rxd8+ Bxd8 24. Nd6+ Ke7 25. Nce4 Bxe4 26. Nxe4
Qf4 27. Qa3+ Ke8 28. Nd6+ Kd7 29. Ne4+ Ke8 30. Nd6+ Kd7 31. Ne4+ Ke8 32. Nd6+
{Game drawn by repetition} 1/2-1/2

[Event "Team 45 45 League T39"]
[Site "Internet Chess Club"]
[Date "2008.11.23"]
[Round "5"]
[White "oldsj"]
[Black "shakkiipe"]
[Result "1/2-1/2"]
[WhiteElo "1596"]
[BlackElo "1762"]
[Opening "Pirc: Austrian attack, dragon formation"]
[ECO "B09"]
[Time "10:01:40"]
[TimeControl "2700+45"]

1. e4 d6 2. d4 Nf6 3. Nc3 g6 4. f4 Bg7 5. Nf3 c5 6. Bb5+ Bd7 7. e5 Ng4 8. e6
fxe6 9. Ng5 Bxb5 10. Nxe6 Bxd4 11. Nxd8 Bf2+ 12. Kd2 Be3+ 13. Ke1 Bf2+ 14. Kd2
{Game drawn by mutual agreement} 1/2-1/2

[Event "Team 45 45 League T39"]
[Site "Internet Chess Club"]
[Date "2008.11.23"]
[Round "5"]
[White "Beancounter"]
[Black "rom1"]
[Result "1-0"]
[WhiteElo "1711"]
[BlackElo "1575"]
[Opening "Alekhine's defense: modern variation, 4...Bg4"]
[ECO "B05"]
[Time "10:56:21"]
[TimeControl "2700+45"]

1. e4 Nf6 2. e5 Nd5 3. d4 d6 4. Nf3 Bg4 5. Be2 e6 6. h3 Bh5 7. O-O Be7 8. c4 Nb6
9. Nc3 N8d7 10. exd6 cxd6 11. b3 O-O 12. Ba3 Nf6 13. Rc1 d5 14. Bxe7 Qxe7 15. c5
Nbd7 16. Ne5 Bxe2 17. Qxe2 a6 18. b4 Nb8 19. b5 axb5 20. Qxb5 Qc7 21. Rb1 Nc6
22. Qxb7 Qxb7 23. Rxb7 Nxd4 24. c6 Ra3 25. Rd1 Rxc3 26. Rxd4 Ne4 27. a4 f6 28.
Nd3 Rxc6 29. Rdb4 Rc3 30. Ra7 Kh8 31. Nf4 Rc6 32. Rbb7 Rg8 33. Nh5 Nd6 34. Rd7
Ne8 35. Re7 h6 36. Nf4 e5 37. Nxd5 Rd6 38. Ne3 Kh7 39. Nf5 Rc6 40. Red7 Rc1+ 41.
Kh2 Rc2 42. Kg3 Rc3+ 43. Kh2 Rc2 44. Kg3 Rc3+ 45. Kh4 Rc4+ 46. Kh5 Rf4 47. Nxh6
Rf8 48. Ng4 Rf5+ 49. Kh4 Rh8 50. a5 Kg6+ 51. Kg3 Rf4 52. f3 Rh5 53. Kf2 Ra4 54.
Re7 Ra2+ 55. Kg1 Ra1+ 56. Kh2 Rh8 57. Ra8 f5 58. Nxe5+ Kf6 59. Rexe8 Rxe8 60.
Rxe8 Rxa5 61. f4 Ra4 62. Kg3 Ra3+ 63. Kh4 Ra2 64. g4 fxg4 65. hxg4 Rh2+ 66. Kg3
Rh1 67. Rf8+ Ke6 68. Rf7 g5 69. fxg5 Kxe5 70. g6 Ke6 71. Rh7 Rf1 72. Kh4 Rg1 73.
Kg5 Rg2 74. Ra7 Rg1 75. g7 {Black resigns} 1-0

[Event "Team 45 45 League T39"]
[Site "Internet Chess Club"]
[Date "2008.11.21"]
[Round "5"]
[White "Klampin"]
[Black "Hesperus"]
[Result "1/2-1/2"]
[WhiteElo "1970"]
[BlackElo "1992"]
[Opening "Polish (Sokolsky) opening"]
[ECO "A00"]
[Time "13:36:02"]
[TimeControl "2700+45"]

1. b4 d5 2. Bb2 Nf6 3. e3 Bf5 4. Nf3 e6 5. c4 Nbd7 6. a3 a5 7. b5 Bd6 8. d4 dxc4
9. Bxc4 O-O 10. O-O Ne4 11. Nbd2 Qf6 12. Rc1 Kh8 13. Qe2 Qh6 14. Rfd1 Rad8 15.
Ne5 Nxd2 16. Rxd2 f6 17. Nf3 Be4 18. h3 f5 19. Ne5 f4 20. exf4 Qxf4 21. g3 Qh6
22. Nxd7 Bf3 23. Qxe6 Qxd2 24. Nxf8 Rxf8 25. Rb1 Bxg3 26. Qe3 Bxf2+ 27. Qxf2
Qxf2+ 28. Kxf2 Be4+ 29. Ke3 Bxb1 30. Bc3 b6 31. Bd5 Re8+ 32. Kf4 h6 33. Bc6 Re2
34. d5 Ra2 35. Be5 Rf2+ 36. Ke3 Rf7 37. Kd4 Ba2 38. Be8 Re7 39. Bc6 Kg8 40. d6
cxd6 41. Bxd6 Rf7 42. Be8 Ra7 43. Bg6 Rd7 44. Ke5 Bc4 45. Be8 Bxb5 46. Bxd7 Bxd7
47. h4 b5 48. Kf4 Kf7 49. Bc5 g6 50. Bd6 Bc6 51. Ke5 Bd7 52. Kf4 Bc8 53. Ke5 g5
54. hxg5 hxg5 55. Kd5 Bd7 56. Bg3 a4 57. Kd6 Bg4 58. Kc5 Be2 59. Kd4 Kg6 60. Ke3
Bd1 61. Ke4 Kh5 62. Be1 Kg4 63. Bd2 Bc2+ 64. Ke3 Kg3 65. Be1+ Kg2 66. Kd2 Bg6
67. Ke3 Bf7 68. Ke4 Be6 69. Ke5 Bd7 70. Kd6 Bg4 71. Bd2 {Game drawn by mutual
agreement} 1/2-1/2

[Event "Team 45 45 League T39"]
[Site "Internet Chess Club"]
[Date "2008.11.20"]
[Round "5"]
[White "charles-allen"]
[Black "superbeast"]
[Result "0-1"]
[WhiteElo "1859"]
[BlackElo "1668"]
[Opening "Sicilian: Pelikan (Lasker/Sveshnikov) variation"]
[ECO "B33"]
[Time "19:51:05"]
[TimeControl "2700+45"]

1. e4 c5 2. Nf3 Nc6 3. d4 cxd4 4. Nxd4 Nf6 5. Nc3 e5 6. Ndb5 d6 7. Nd5 Nxd5 8.
exd5 Nb8 9. c4 Be7 10. Be2 a6 11. Nc3 O-O 12. O-O f5 13. f4 Bf6 14. Kh1 Nd7 15.
Qc2 exf4 16. Bxf4 Ne5 17. Rae1 Bd7 18. b4 Rc8 19. Nd1 g5 20. Bxe5 Bxe5 21. Ne3
f4 22. Ng4 Bg7 23. Nf2 b5 24. Rc1 bxc4 25. Bxc4 Bf5 26. Qd2 Qb6 27. Rfe1 Bd4 28.
Nd1 Rc7 29. a3 Rfc8 30. Bd3 Be3 31. Qe2 Rxc1 32. Bxf5 Rf8 33. Qd3 Qd4 34. Bxh7+
Kh8 35. Bf5 Qxd3 36. Bxd3 Ra1 37. Bxa6 Rxa3 38. Be2 Bd2 39. Rf1 Bxb4 40. Nf2 Re8
41. Bf3 Re1 42. Rxe1 Bxe1 43. Kg1 Ra1 44. Kf1 Bxf2+ 45. Kxf2 Ra2+ 46. Kf1 Kg7
47. Bg4 Kf6 48. h3 Rd2 49. Be6 Ke5 50. Kg1 Kd4 51. Kf1 Ke3 52. Bg4 Rxd5 53. Bf3
Ra5 54. Kg1 d5 55. Kh1 d4 56. Kg1 d3 57. Kh1 d2 58. Kg1 Ra1+ 59. Kh2 Kf2 60. h4
gxh4 61. g4 hxg3+ 62. Kh3 Kxf3 {White resigns} 0-1

[Event "Team 45 45 League T39"]
[Site "Internet Chess Club"]
[Date "2008.11.23"]
[Round "5"]
[White "rayonline53"]
[Black "ShanghaiTom"]
[Result "1-0"]
[WhiteElo "1547"]
[BlackElo "1734"]
[Opening "Ruy Lopez: 5.O-O"]
[ECO "C78"]
[Time "08:40:36"]
[TimeControl "2700+45"]

1. e4 e5 2. Nf3 Nc6 3. Bb5 a6 4. Ba4 Nf6 5. O-O b5 6. Bb3 Bc5 7. c3 d6 8. d4
exd4 9. cxd4 Bb6 10. h3 O-O 11. Bg5 h6 12. Bh4 Re8 13. Nc3 Na5 14. Bc2 Bb7 15.
Re1 c5 16. Qd3 b4 17. Nd5 c4 18. Nxf6+ gxf6 19. Qd2 Kg7 20. Rad1 b3 21. axb3
Nxb3 22. Qf4 Re6 23. d5 Re5 24. Nxe5 dxe5 25. Qg3+ Kf8 26. Bxb3 cxb3 27. Qxb3
Rb8 28. Qb4+ Kg8 29. Qc3 Bc8 30. Qf3 Kg7 31. Rc1 Bd7 32. b3 Bb5 33. Qg4+ Kf8 34.
Qh5 Kg7 35. Rc3 Qh8 36. Rf3 Bd8 37. Qf5 Rb6 38. Rc1 Be2 39. Rg3+ Kf8 40. Qd7 Bb5
41. Qxd8+ {Black resigns} 1-0

[Event "Team 45 45 League T39"]
[Site "Internet Chess Club"]
[Date "2008.11.21"]
[Round "5"]
[White "jazzyrick"]
[Black "nursey"]
[Result "0-1"]
[WhiteElo "1487"]
[BlackElo "1608"]
[Opening "Scotch: Mieses variation"]
[ECO "C45"]
[Time "18:04:34"]
[TimeControl "2700+45"]

1. e4 e5 2. Nf3 Nc6 3. d4 exd4 4. Nxd4 Nf6 5. Nxc6 bxc6 6. e5 Qe7 7. Qe2 Nd5 8.
c4 Ba6 9. b3 Rb8 10. g3 Qb4+ 11. Bd2 Qb6 12. Bg2 Qd4 13. Qd1 Bc5 14. O-O Qxa1
15. cxd5 Bxf1 16. Kxf1 Qxa2 17. dxc6 Qxb3 18. cxd7+ Kxd7 19. Qg4+ Qe6 20. Qa4+
Kc8 21. Nc3 Rb2 22. Ne4 Qxe5 23. Qc6 Rb1+ 24. Ke2 Bd4 25. Bh3+ Kb8 26. Kf3 Re8
{White resigns} 0-1

[Event "Team 45 45 League T39"]
[Site "Internet Chess Club"]
[Date "2008.11.23"]
[Round "5"]
[White "LuxAeterna"]
[Black "Egmont"]
[Result "0-1"]
[WhiteElo "1788"]
[BlackElo "1630"]
[Opening "Sicilian: accelerated fianchetto, modern variation with Bc4"]
[ECO "B35"]
[Time "10:58:44"]
[TimeControl "2700+45"]

1. e4 c5 2. Nf3 Nc6 3. d4 cxd4 4. Nxd4 g6 5. Be3 Bg7 6. Bc4 Nf6 7. Nc3 O-O 8. f3
Qb6 9. Bb3 Nxe4 10. Na4 Qa5+ 11. c3 Nf6 12. Nxc6 dxc6 13. O-O Qf5 14. Nc5 b6 15.
Bc2 Qe5 16. Bd4 Qc7 17. Nd3 Nd5 18. Bf2 Ba6 19. Re1 Rad8 20. Qc1 Nxc3 21. Qf4
Qb7 22. Nb4 Ne2+ 23. Rxe2 Bxe2 24. Re1 Bb5 25. a4 c5 26. Be4 Qb8 27. Qxb8 Rxb8
28. Nd5 Bxa4 29. Nxe7+ Kh8 30. Bg3 Rbd8 31. Nc6 Rd1 32. Rxd1 Bxd1 33. Be5 a5 34.
Bc7 Bxb2 35. Bxb6 c4 36. Bxa5 c3 37. Nb4 Rc8 38. Bc2 Bxc2 39. Nxc2 Rc5 40. Bb6
Rd5 41. Bd4+ Kg8 42. Kf1 Kf8 43. Ke2 f5 44. Kd3 Kf7 45. Kc4 Rd7 46. Kb3 Ke6 47.
Bxc3 Bxc3 48. Kxc3 Ke5 49. g3 f4 50. Nb4 fxg3 51. hxg3 g5 52. Nd3+ Kf5 53. Kd2
h5 54. Ke2 h4 55. Nc5 Ra7 56. Ne4 Ra2+ 57. Ke3 h3 58. g4+ Kg6 {White forfeits on
time} 0-1

[Event "Team 45 45 League T39"]
[Site "Internet Chess Club"]
[Date "2008.11.22"]
[Round "5"]
[White "NFK"]
[Black "raimundo"]
[Result "1-0"]
[WhiteElo "1687"]
[BlackElo "1744"]
[Opening "Alekhine's defense: Scandinavian variation"]
[ECO "B02"]
[Time "10:00:06"]
[TimeControl "2700+45"]

1. e4 Nf6 2. Nc3 d5 3. exd5 Nxd5 4. Nxd5 Qxd5 5. Nf3 e5 6. d3 Bf5 7. Be2 Bb4+ 8.
c3 Be7 9. O-O c5 10. Qb3 Qxb3 11. axb3 Nc6 12. Be3 O-O 13. Nd2 Rfd8 14. Ne4 b6
15. Rfd1 Na5 16. Bxc5 Nxb3 17. Bxe7 Rd7 18. Ra3 Bxe4 19. dxe4 Rxe7 20. Rxb3
{Black resigns} 1-0

[Event "Team 45 45 League T39"]
[Site "Internet Chess Club"]
[Date "2008.11.22"]
[Round "5"]
[White "isolani"]
[Black "BrerRabbit"]
[Result "0-1"]
[WhiteElo "1451"]
[BlackElo "1637"]
[Opening "Queen's pawn game"]
[ECO "A45"]
[Time "19:01:21"]
[TimeControl "2700+45"]

1. d4 Nf6 2. Nd2 g6 3. b3 Bg7 4. Bb2 O-O 5. e4 d6 6. Be2 Nc6 7. Ngf3 a6 8. h3 b5
9. d5 Nb8 10. O-O c6 11. c4 cxd5 12. exd5 bxc4 13. bxc4 Nbd7 14. Nd4 Nc5 15. Nc6
Qc7 16. Qc2 e5 17. f4 Re8 18. fxe5 dxe5 19. Rab1 Bf5 20. Rxf5 gxf5 21. Qxf5 a5
22. Bxe5 Rxe5 23. Nxe5 Re8 24. Ndf3 Nxd5 25. cxd5 Bxe5 26. Nxe5 Rxe5 27. Qg4+
Kh8 28. Bf3 f6 29. Rc1 Qb8 30. Rxc5 Qb1+ 31. Kh2 Re8 32. Qd7 Rg8 33. d6 Qb4 34.
Rc7 Qf4+ 35. Kg1 Qe3+ 36. Kf1 Qd3+ 37. Kf2 Qd2+ 38. Kg1 Qe3+ 39. Kf1 Qd3+ 40.
Ke1 Qe3+ 41. Kd1 Qd3+ 42. Kc1 Qe3+ 43. Kb1 Qd3+ 44. Kb2 Qd2+ 45. Ka3 Qb4# {White
checkmated} 0-1

[Event "Team 45 45 League T39"]
[Site "Internet Chess Club"]
[Date "2008.11.24"]
[Round "5"]
[White "ddlj81"]
[Black "GambitBandit"]
[Result "0-1"]
[WhiteElo "1848"]
[BlackElo "2113"]
[Opening "Latvian counter-gambit"]
[ECO "C40"]
[Time "06:08:57"]
[TimeControl "2700+45"]

1. e4 e5 2. Nf3 f5 3. Nc3 fxe4 4. Nxe4 d5 5. Ng3 e4 6. Nd4 Nf6 7. d3 c5 8. Ndf5
Nc6 9. dxe4 Nxe4 10. Nxe4 Bxf5 11. Ng3 Bg6 12. Bd3 Bxd3 13. Qxd3 Qe7+ 14. Qe2
Nd4 15. Qxe7+ Bxe7 16. Kd2 O-O 17. f3 Rae8 18. c3 Nc6 19. Kc2 Bd6 20. Rd1 Bxg3
21. hxg3 Re2+ 22. Rd2 Rfe8 23. Kd1 R2e5 24. b3 Kf7 25. a4 h5 26. Bb2 Rg5 27. g4
hxg4 28. fxg4 Re4 29. Kc2 Rexg4 30. Rf2+ Ke6 31. Rg1 Rf5 32. Re2+ Re5 33. Rf2
Rge4 34. Bc1 Re2+ 35. Rxe2 Rxe2+ 36. Kd3 Rf2 37. g3 Ne5+ 38. Ke3 Rc2 {White
resigns} 0-1

[Event "Team 45 45 League T39"]
[Site "Internet Chess Club"]
[Date "2008.11.21"]
[Round "5"]
[White "kidviper"]
[Black "clarnibass"]
[Result "0-1"]
[WhiteElo "1749"]
[BlackElo "1814"]
[Opening "Caro-Kann: exchange variation"]
[ECO "B13"]
[Time "13:07:58"]
[TimeControl "2700+45"]

1. e4 c6 2. d4 d5 3. exd5 cxd5 4. Nf3 Nf6 5. c4 e6 6. cxd5 exd5 7. Bd3 Bb4+ 8.
Bd2 Qe7+ 9. Qe2 Qxe2+ 10. Bxe2 Nc6 11. Bxb4 Nxb4 12. Bb5+ Bd7 13. Bxd7+ Nxd7 14.
Na3 Nd3+ 15. Ke2 Nf4+ 16. Kf1 O-O 17. g3 Ne6 18. Kg2 a6 19. Rac1 Rac8 20. Rc2
Rxc2 21. Nxc2 Rc8 22. Ne3 Nf6 23. Nf5 Kf8 24. Nd6 Rc2 25. Rd1 Rxb2 26. Ne5 Nd8
27. Rc1 Ne4 28. Nxe4 dxe4 29. d5 Rd2 30. Nd7+ Ke7 31. Nb6 e3 32. Nc8+ Kf8 33.
Rf1 exf2 34. Rxf2 Rxd5 35. Nb6 Rd6 36. Rb2 Ne6 37. Nc8 Rc6 38. Na7 Rc7 39. Rb6
Nc5 40. Rd6 Ke7 41. Rb6 Nd7 42. Rb2 b6 43. Re2+ Kf6 44. Rf2+ Kg6 45. Re2 Rxa7
46. Re7 b5 47. h4 h5 48. Kh3 a5 49. g4 hxg4+ 50. Kxg4 Nf6+ 51. Kf4 Rxe7 52. h5+
Nxh5+ 53. Kg4 Re4+ 54. Kf3 Rf4+ 55. Ke3 b4 56. Kd3 Kf5 57. Kc2 a4 58. Kb2 Rf3
59. a3 bxa3+ 60. Ka2 g5 61. Ka1 Rf2 62. Kb1 g4 63. Kc1 g3 64. Kd1 g2 65. Ke1
g1=Q# {White checkmated} 0-1

[Event "Team 45 45 League T39"]
[Site "Internet Chess Club"]
[Date "2008.11.25"]
[Round "5"]
[White "ZombieKnight"]
[Black "GtoG"]
[Result "0-1"]
[WhiteElo "1706"]
[BlackElo "1677"]
[Opening "Sicilian: Najdorf, 6.Bg5"]
[ECO "B94"]
[Time "18:09:51"]
[TimeControl "2700+45"]

1. e4 c5 2. Nf3 d6 3. d4 cxd4 4. Nxd4 Nf6 5. Nc3 a6 6. Bg5 Nbd7 7. f4 e6 8. Qf3
Be7 9. O-O-O e5 10. fxe5 Nxe5 11. Qf4 h6 12. Bxf6 Bxf6 13. Qf2 Ng4 14. Qe1 Bg5+
15. Kb1 Ne3 16. Rd3 Nxf1 17. Rxf1 O-O 18. Nd5 Be6 19. Nf3 Bxd5 20. Rxd5 Qb6 21.
Nxg5 hxg5 22. Rxg5 Rac8 23. Qh4 g6 24. a3 Qd4 25. Rf3 Qd1+ 26. Ka2 Qxc2 27. Rh3
Qc4+ 28. Ka1 Qc1+ 29. Ka2 Qc4+ 30. Ka1 Qf1+ 31. Ka2 Qc4+ 32. Ka1 Kg7 33. Qh7+
Kf6 34. Rf3+ Ke7 35. Qh4 Ke8 36. Qe1 Qe6 37. Rgg3 Qe5 38. Rc3 Kd7 39. Rxc8 Rxc8
40. Rc3 Rxc3 41. Qxc3 Qxc3 42. bxc3 Ke6 43. Kb2 Ke5 44. Kb3 Kxe4 45. Kc4 f5 46.
a4 f4 47. a5 Ke3 48. Kd5 g5 {White resigns} 0-1

[Event "Team 45 45 League T39"]
[Site "Internet Chess Club"]
[Date "2008.11.23"]
[Round "5"]
[White "chesskix"]
[Black "budugu"]
[Result "0-1"]
[WhiteElo "1585"]
[BlackElo "1544"]
[Opening "English opening: Agincourt variation"]
[ECO "A13"]
[Time "22:21:17"]
[TimeControl "2700+45"]

1. Nf3 d5 2. c4 e6 3. cxd5 exd5 4. d4 Nf6 5. Nc3 Bb4 6. Bd2 O-O 7. g3 b6 8. Bg2
Bb7 9. O-O c5 10. e3 Nc6 11. a3 Bxc3 12. bxc3 c4 13. Qc2 Qd7 14. Ng5 Ne7 15. f4
h6 16. Bh3 Qc6 17. Nf3 Bc8 18. Ne5 Qc7 19. f5 Nc6 20. e4 Nxe5 21. dxe5 Qxe5 22.
Bf4 Qxe4 23. Qd2 Bb7 24. Bxh6 d4 25. Kf2 Qf3+ {White resigns} 0-1

[Event "Team 45 45 League T39"]
[Site "Internet Chess Club"]
[Date "2008.11.25"]
[Round "5"]
[White "PawnMorphy"]
[Black "Gregorio"]
[Result "1-0"]
[WhiteElo "1869"]
[BlackElo "2053"]
[Opening "Nimzo-Indian: classical, Noa variation, 5.a3"]
[ECO "E36"]
[Time "19:08:40"]
[TimeControl "2700+45"]

1. d4 Nf6 2. c4 e6 3. Nc3 Bb4 4. Qc2 d5 5. a3 Bxc3+ 6. Qxc3 c5 7. dxc5 d4 8. Qc2
a5 9. Nf3 Na6 10. e3 dxe3 11. Bxe3 Qc7 12. Be2 Nxc5 13. O-O O-O 14. b4 Na6 15.
Qb2 Bd7 16. Ne5 Ba4 17. Bf4 Rfc8 18. b5 Nc5 19. Bf3 Rd8 20. Rfe1 Qe7 21. Qc3 Ne8
22. Be3 Rdc8 23. Nd3 Nxd3 24. Qxd3 Rd8 25. Qc3 Qc7 26. Rab1 Nd6 27. Rec1 Nf5 28.
c5 f6 29. Qc4 Qe5 30. Bf4 Qd4 31. Qxe6+ Kh8 32. Qxf5 g6 33. Qe4 Qxe4 34. Bxe4
Rd4 35. f3 {Black resigns} 1-0

[Event "Team 45 45 League T39"]
[Site "Internet Chess Club"]
[Date "2008.11.22"]
[Round "5"]
[White "MRX"]
[Black "AVEMARIA"]
[Result "1-0"]
[WhiteElo "1709"]
[BlackElo "1700"]
[Opening "Sicilian: Taimanov variation"]
[ECO "B49"]
[Time "13:03:04"]
[TimeControl "2700+45"]

1. e4 c5 2. Nf3 e6 3. d4 cxd4 4. Nxd4 Nc6 5. Be3 Qc7 6. Nc3 a6 7. Be2 Nf6 8. O-O
Bb4 9. f3 Bc5 10. Qd2 O-O 11. Kh1 Nxd4 12. Bxd4 Bxd4 13. Qxd4 b5 14. e5 Ne8 15.
Rad1 f6 16. f4 Rb8 17. Bf3 f5 18. Rd2 Qb6 19. Qxb6 Rxb6 20. Rfd1 Nc7 21. Rd6
Rxd6 22. Rxd6 Kf7 23. Kg1 Rd8 24. Kf2 Ke7 25. a4 b4 26. Na2 a5 27. Nc1 Ba6 28.
Nd3 Bxd3 29. Rxd3 d6 30. exd6+ Rxd6 31. Rxd6 Kxd6 32. Ke3 Nd5+ 33. Bxd5 Kxd5 34.
Kd3 h6 35. h4 g6 36. c4+ bxc3 37. bxc3 Kc5 38. c4 Kc6 39. Kd4 Kd6 40. c5+ Kc6
41. Kc4 e5 42. fxe5 g5 43. hxg5 hxg5 44. e6 f4 45. Kd4 Kc7 46. Ke5 {Black
resigns} 1-0

[Event "Team 45 45 League T39"]
[Site "Internet Chess Club"]
[Date "2008.11.23"]
[Round "5"]
[White "Rlopez"]
[Black "BotanicalKnight"]
[Result "1/2-1/2"]
[WhiteElo "1742"]
[BlackElo "1618"]
[Opening "Queen's pawn"]
[ECO "A40"]
[Time "08:02:37"]
[TimeControl "2700+45"]

1. d4 c6 2. c4 f5 3. Nc3 e6 4. Nf3 d5 5. Bg5 Nf6 6. e3 Be7 7. Bd3 O-O 8. O-O
Nbd7 9. Qc2 Ne4 10. Bxe7 Qxe7 11. Nd2 g5 12. f3 Nef6 13. e4 f4 14. cxd5 exd5 15.
Rae1 dxe4 16. Ndxe4 Nxe4 17. Rxe4 Qg7 18. Rfe1 Nf6 19. Bc4+ Kh8 20. Re7 Qh6 21.
d5 cxd5 22. Nxd5 Nxd5 23. Bxd5 Bf5 24. Qc3+ Qf6 25. Qxf6+ Rxf6 26. Rxb7 Rd8 27.
Rxa7 Rfd6 28. Bb3 Rd2 29. h3 Rxb2 30. Rf7 Bg6 31. Rc7 Rdd2 32. Rd1 Rxg2+ 33. Kh1
Rh2+ 34. Kg1 Rbg2+ 35. Kf1 Rf2+ 36. Ke1 Re2+ 37. Kf1 Rhf2+ {Game drawn by mutual
agreement} 1/2-1/2

[Event "Team 45 45 League T39"]
[Site "Internet Chess Club"]
[Date "2008.11.20"]
[Round "5"]
[White "musk6868"]
[Black "hondocando"]
[Result "0-1"]
[WhiteElo "1561"]
[BlackElo "1623"]
[Opening "Sicilian defense"]
[ECO "B30"]
[Time "20:05:35"]
[TimeControl "2700+45"]

1. e4 c5 2. Nf3 Nc6 3. c4 d6 4. d4 Bg4 5. d5 Ne5 6. Be2 Nxf3+ 7. Bxf3 Bd7 8. Nc3
g6 9. O-O Bg7 10. Be2 h5 11. Be3 h4 12. f4 b6 13. Bg4 Nf6 14. f5 Qc8 15. Qf3 Bh6
16. Rae1 g5 17. Bc1 Qa6 18. b3 O-O-O 19. e5 dxe5 20. Rxe5 Nxg4 21. d6 Qb7 22.
Qxg4 Bg7 23. dxe7 Bxe5 24. exd8=Q+ Kxd8 25. Bxg5+ f6 26. Bd2 Bd4+ 27. Kh1 h3 28.
Nd5 hxg2+ 29. Qxg2 Bc6 30. Bf4 Qf7 31. h3 Rg8 32. Bg3 Bxd5 33. cxd5 Be5 34. Rf3
Qxd5 35. Kh2 Ke7 36. Qe2 Kf8 37. Bxe5 Qxe5+ 38. Qxe5 fxe5 39. Re3 Rg5 40. Rxe5
Kf7 41. h4 Rg4 42. Kh3 Rg1 43. Re2 Kf6 44. Rf2 b5 45. h5 a5 46. h6 Rg8 47. Rc2
Rc8 48. Kg4 Rg8+ 49. Kf4 Rc8 50. Rg2 c4 51. Rg6+ Kf7 52. Rg7+ Kf6 53. Rg6+ Kf7
54. Kg5 c3 55. Rf6+ Kg8 56. h7+ Kh8 57. Rh6 c2 58. Rh1 c1=Q+ 59. Rxc1 Rxc1 60.
Kg6 Rg1+ 61. Kh6 Rh1+ 62. Kg6 Rxh7 63. f6 Rh2 64. f7 Rf2 {White resigns} 0-1

[Event "Team 45 45 League T39"]
[Site "Internet Chess Club"]
[Date "2008.11.24"]
[Round "5"]
[White "primerpaso"]
[Black "lele"]
[Result "0-1"]
[WhiteElo "1824"]
[BlackElo "2144"]
[Opening "English opening"]
[ECO "D35"]
[Time "17:00:14"]
[TimeControl "2700+45"]

1. c4 e6 2. Nc3 d5 3. cxd5 exd5 4. d4 Nf6 5. Nf3 c6 6. g3 Bd6 7. Bg2 O-O 8. O-O
h6 9. Bf4 Bxf4 10. gxf4 Qb6 11. Qc2 Bg4 12. e3 Nbd7 13. Ne5 Bh5 14. Kh1 Rae8 15.
Rg1 Kh8 16. Ne2 Nxe5 17. fxe5 Bg6 18. Qc1 Ne4 19. Rf1 Qb5 20. Nf4 Bh7 21. f3 Ng5
22. Nh5 Bg6 23. Ng3 Bd3 24. Rf2 f6 25. h4 Ne6 26. exf6 Rxf6 27. Qd2 Bh7 28. Rg1
Ref8 29. Kh2 Qb6 30. Bh3 Qc7 31. Bg4 Qe7 32. Nh5 R6f7 33. Kh3 g6 34. Ng3 Ng7 35.
h5 Nxh5 36. Nxh5 gxh5 37. Bxh5 Bf5+ 38. Kg2 Qg5+ 39. Bg4 Bxg4 40. Kf1 Rxf3 41.
Rxf3 Rxf3+ {White resigns} 0-1